cohdb
Replays
Latest Replays
All Replays
Popular Replays
Top Player Replays
Match Explorer
How It Works
Community
CoH3 Stats
Reddit
Sign in to upload your games and track your stats! →
Sign in with Steam
Match 43237413
Unlisted
Match 43237413
Overview
Messages
Build Orders
End
Construct Barracks
Selects Special Operations Battlegroup
Selects M29 Weasel Recon Vehicle
M29 Weasel Recon Vehicle
Riflemen Squad
Construct Medical Station
Riflemen Squad
Grenade Package
Construct Weapon Support Center
M1919 Machine Gun Team
Selects Raiding Flares
Engineer Squad
Air Support Center
Selects SSF Commando Squad
Construct Motor Pool
P-47 Strafing Run
SSF Commando Squad
P-47 Strafing Run
Construct Tank Depot
Construct Tank Depot
Selects Air Re-supply Operation
P-47 Strafing Run
M4A1 Sherman Medium Tank
SSF Commando Squad
Selects P-47 Anti-Infantry Loiter
M18 Hellcat Tank Destroyer
M1919 Machine Gun Team
Raiding Flares
Selects UNKNOWN (2162291)
M18 Hellcat Tank Destroyer
P-47 Anti-Infantry Loiter
M1 Anti-tank Gun Team
P-47 Strafing Run
M4A1 Sherman Whizbang
M3 Armored Personnel Carrier
Raiding Flares
M4A1 Sherman Medium Tank
Raiding Flares
Call Me ET
Tok3n x Operator
TechT0nic
Ξ kiralacus
StaySharp04
CCHIRWOEL
0
0
Comments
sign in to comment!
No comments posted yet!